 Dungeon Crawl Stone Soup version 0.29-a0-529-gfa20dd96a1 (webtiles) character file.

Game seed: 3049102925249913258

544 porpoise the Shooter (level 7, -4/44 HPs)
             Began as a Tengu Hunter on June 1, 2022.
             Was an Initiate of Hepliaklqana.
             Slain by a wyvern (10 damage)
             ... on level 5 of the Dungeon on June 2, 2022.
             The game lasted 00:11:45 (5833 turns).

porpoise the Shooter (Tengu Hunter)                 Turns: 5833, Time: 00:11:46

Health: -4/44      AC:  6    Str: 11    XL:     7   Next: 27%
Magic:  8/8        EV: 13    Int: 10    God:    Hepliaklqana [......]
Gold:   234        SH:  0    Dex: 19    Spells: 6/6 levels left

rFire   . . .      SeeInvis +   a - +2 shortbow
rCold   . . .      Faith    .   (shield currently unavailable)
rNeg    . . .      Spirit   .   l - +0 ring mail
rPois   .          Reflect  .   (helmet restricted)
rElec   .          Harm     .   (no cloak)
rCorr   +          Rampage  .   i - +0 pair of gloves
Will    .....                   (boots unavailable)
Stlth   ++........              (no amulet)
HPRegen 0.14/turn               d - ring of resist corrosion
MPRegen 0.11/turn               k - ring of see invisible

@: flying quickly and evasively, quick
A: beak, talons 3, nimble flight
a: Renounce Religion


You were on level 5 of the Dungeon.
You worshipped Hepliaklqana.
Hepliaklqana was noncommittal.
You visited 1 branch of the dungeon, and saw 5 of its levels.
You also visited: Ossuary.

You collected 279 gold pieces.
You spent 45 gold pieces at shops.

Inventory:

Hand Weapons
 a - a +2 shortbow (weapon)
 b - a +0 vampiric spear
Missiles
 o - 10 boomerangs
 w - 4 poisoned darts
Armour
 e - a scarf of harm
 i - a +0 pair of gloves (worn)
 l - a +0 ring mail (worn)
Jewellery
 d - a ring of resist corrosion (left hand)
 k - a ring of see invisible (right hand)
Scrolls
 c - a scroll of immolation
 f - 2 scrolls of teleportation
 p - a scroll of enchant weapon
 u - 2 scrolls of noise
 v - a scroll of poison
 y - a scroll of vulnerability
 z - a scroll of magic mapping
Potions
 g - a potion of curing
 j - 4 potions of heal wounds
 m - a potion of lignification
 n - 3 potions of mutation
 q - a potion of invisibility
 r - 3 potions of flight {unknown}
 s - a potion of degeneration {unknown}
 t - a potion of might {unknown}
 x - a potion of attraction {unknown}
 A - a potion of ambrosia {unknown}


   Skills:
 + Level 4.9 Fighting
 + Level 6.7 Bows
 - Level 2.1 Dodging
 + Level 4.1 Stealth


You had 6 spell levels left.
You didn't know any spells.
Your spell library was empty.

Dungeon Overview and Level Annotations

Branches:
Dungeon (5/15)            Ossuary (visited)
 Temple: D:4-7

Altars:
Ashenzari
Dithmenos
Elyvilon
Hepliaklqana
Kikubaaqudgha
Ru
Zin
The Shining One

Shops:
D:3 *?


Innate Abilities, Weirdness & Mutations

You have a beak for a mouth.
You have claws for feet.
Your magical nature lets you fly swiftly and evasively.


Message History

Found a stone staircase leading down.
There is a stone staircase leading up here.
A wyvern is nearby!
You shoot an arrow. The arrow hits the wyvern!
The wyvern is heavily wounded.
You shoot an arrow. The arrow closely misses the wyvern.
You shoot an arrow. The arrow closely misses the wyvern.
You shoot an arrow.
The arrow hits the wyvern but does no damage.
The wyvern is heavily wounded.
The wyvern bites you! x2
* * * LOW HITPOINT WARNING * * *
You are too injured to fight recklessly!
You are too injured to fight recklessly!
You are too injured to fight recklessly!
Throw: 2 javelins
Press: ? - help, Q - select action, (/) - cycle Shift-Dir - straight line, f/p - wyvern
Aim: a wyvern (heavily wounded, 63% to hit)
You throw a javelin.
The javelin pierces through the wyvern but does no damage.
The wyvern is heavily wounded.
The wyvern closely misses you. The wyvern barely misses you.
Throw: javelin
Press: ? - help, Q - select action, (/) - cycle Shift-Dir - straight line, f/p - wyvern
Aim: a wyvern (heavily wounded, 63% to hit)
You throw a javelin.
The javelin pierces through the wyvern but does no damage.
The wyvern is heavily wounded.
The wyvern bites you.
* * * LOW HITPOINT WARNING * * *
The wyvern barely misses you.
Shoot: a) +2 shortbow
Press: ? - help, Q - select action, (/) - cycle Shift-Dir - straight line, f/p - wyvern
Aim: a wyvern (heavily wounded, 68% to hit)
You shoot an arrow. The arrow hits the wyvern!
The wyvern is severely wounded.
The wyvern bites you.
* * * LOW HITPOINT WARNING * * *
The wyvern bites you!
You die...

... .. ..#
..# #..##
###....###
####.........
#....@l.....(
######.......
.......
.......
.......
.......
.......
.>.....


You could see a wyvern.

Vanquished Creatures
  An elf zombie (Ossuary)
  2 centaur zombies (Ossuary)
  An orc priest (D:4)
  A hound (D:4)
  4 hound zombies (Ossuary)
  4 mummies
  6 gnolls
  10 adders
  An ufetubus (D:4)
  5 adder zombies (Ossuary)
  A worm (D:2)
  A dart slug (D:2)
  3 orcs (D:4)
  4 endoplasms
  2 giant cockroaches
  A gnoll zombie (Ossuary)
  5 goblins
  9 hobgoblins
  3 quokkas
  5 ball pythons
  4 bats
  2 frilled lizards
  5 goblin zombies (Ossuary)
  A hobgoblin zombie (Ossuary)
  5 jackal zombies (Ossuary)
  2 kobolds
  A kobold zombie (Ossuary)
  An orc zombie (Ossuary)
  3 quokka zombies (Ossuary)
  3 rats
  2 rat zombies (Ossuary)
98 creatures vanquished.

Notes
Turn   | Place    | Note
-------+----------+-------------------------------------------
     0 | D:1      | porpoise the Tengu Hunter began the quest for the Orb.
     0 | D:1      | Reached XP level 1. HP: 12/12 MP: 2/2
   338 | D:1      | Reached XP level 2. HP: 10/17 MP: 3/3
   710 | D:1      | Found a faded altar of an unknown god.
  1597 | D:2      | Reached XP level 3. HP: 22/22 MP: 4/4
  1851 | D:2      | Reached skill level 5 in Bows
  2006 | D:2      | Reached XP level 4. HP: 28/28 MP: 5/5
  2887 | D:3      | Found Tigucw's General Store.
  2957 | D:3      | Gained mutation: Your magical nature lets you fly swiftly
                  | and evasively. [Tengu growth]
  2957 | D:3      | Reached XP level 5. HP: 11/32 MP: 6/6
  3207 | D:3      | Found Fuorehec's Magic Scroll Shop.
  3212 | D:3      | Bought a scroll of noise for 10 gold pieces
  3212 | D:3      | Bought a scroll of poison for 35 gold pieces
  3573 | D:3      | Found a sacrificial altar of Ru.
  3910 | D:4      | Found a sand-covered staircase.
  4121 | Ossuary  | Entered an ossuary
  4275 | Ossuary  | Reached skill level 6 in Bows
  4275 | Ossuary  | Reached XP level 6. HP: 31/38 MP: 7/7
  4800 | Ossuary  | Reached XP level 7. HP: 41/44 MP: 8/8
  5015 | D:4      | Upgraded the game from 0.29-a0-520-gc852659d43 to
                  | 0.29-a0-529-gfa20dd96a1
  5543 | D:4      | Found a hazy altar of Hepliaklqana.
  5543 | D:4      | Found a broken altar of Ashenzari.
  5563 | D:4      | Found a glowing silver altar of Zin.
  5569 | D:4      | Found a shadowy altar of Dithmenos.
  5574 | D:4      | Found an ancient bone altar of Kikubaaqudgha.
  5580 | D:4      | Found a glowing golden altar of the Shining One.
  5584 | D:4      | Found a white marble altar of Elyvilon.
  5768 | D:4      | Became a worshipper of Hepliaklqana the Forgotten
  5826 | D:5      | Entered Level 5 of the Dungeon
  5826 | D:5      | Noticed a wyvern
  5833 | D:5      | Slain by a wyvern

Illustrated notes

Levels and vault maps discovered:
D:1:      minmay_arrival_diagonal_passages, layout_loops_corners,
          hellmonk_ecumenical_altar_lost_god, minmay_tetromino_l2
D:2:      minmay_angry_zag, layout_basic
D:3:      layout_loops_cross, nicolae_overflow_crystal_walls, serial_shops,
          shop, shop
D:4:      layout_loops_ring, grunt_temple_overflow_octagram,
          gup_ossuary_entry_pyramid
D:5:      layout_layer_cave, gammafunk_ghost_icy, uniq_ijyb, uniq_sigmund,
          uniq_crazy_yiuf_cottage, uniq_pikel

Skill      XL: |  1  2  3  4  5  6  7 |
---------------+----------------------+-----
Bows           | 5 6 |  6.7
Fighting       | 3 4 |  4.9
Stealth        | 2 3 4 |  4.1
Dodging        | |  2.1

Action                   |  1- 3 |  4- 6 |  7- 9 || total
-------------------------+-------+-------+-------++-------
 Fire: Shortbow          |    71 |   195 |    45 ||   311
Throw: Javelin           |       |       |     2 ||     2
  Use: Scroll            |       |     7 |     5 ||    12
Armor: Ring mail         |    18 |    29 |     8 ||    55
Dodge: Dodged            |    30 |    66 |     9 ||   105

Table legend: (Time is in decaauts)
 A = Elapsed time spent in this place.
 B = Non-inter-level travel time spent in this place.
 C = Inter-level travel time spent in this place.
 D = Time resting spent in this place.
 E = Time spent auto-exploring this place.
 F = Levels seen in this place.
 G = Mean time per level.
                   A        B        C        D        E       F      G
               +--------+--------+--------+--------+--------+-----+--------+
         Total |   5797 |   5462 |    335 |   1993 |   2500 |   6 |  966.2 |
       Dungeon |   4883 |   4548 |    335 |   1457 |   2500 |   5 |  976.6 |
       Ossuary |    913 |    913 |      0 |    536 |      0 |   1 |  913.0 |
               +--------+--------+--------+--------+--------+-----+--------+

Top non-repeatable levels by time:
     D:2: 1699 daAuts
     D:1: 1158 daAuts
     D:4: 1052 daAuts
     D:3: 963 daAuts
 Ossuary: 913 daAuts
     D:5: 9 daAuts
